 Dungeon Crawl Stone Soup version 0.22.1-2-g9c5b331 (webtiles) character file.

28 Gearfox the Firebug (level 2, -8/15 HPs)
             Began as a Deep Elf Fire Elementalist on Dec 11, 2018.
             Mangled by a gnoll
             ... wielding a +0 whip
              (11 damage)
             ... on level 2 of the Dungeon.
             The game lasted 00:03:01 (1504 turns).

Gearfox the Firebug (Deep Elf Fire Elementalist)    Turns: 1504, Time: 00:03:01

Health: -8/15      AC:  2    Str:  5    XL:     2   Next: 96%
Magic:  4/8        EV: 13    Int: 19    God:
Gold:   52         SH:  0    Dex: 15    Spells: 4/7 levels left

rFire    . . .     SeeInvis .   (no weapon)
rCold    . . .     Gourm    .   (no shield)
rNeg     . . .     Faith    .   a - +0 robe
rPois    .         Spirit   .   (no helmet)
rElec    .         Reflect  .   (no cloak)
rCorr    +         Harm     .   (no gloves)
MR       .....                  (no boots)
Stlth    ++........             (no amulet)
HPRegen  0.05/turn              h - ring of resist corrosion
MPRegen  0.11/turn              (no ring)

@: very slightly contaminated
A: no striking features
a: no special abilities


You were on level 2 of the Dungeon.
You were not hungry.

You visited 1 branch of the dungeon, and saw 2 of its levels.

You collected 52 gold pieces.

Inventory:

Hand Weapons
 e - a +1 war axe of electrocution
Armour
 a - a +0 robe (worn)
Jewellery
 h - a ring of resist corrosion (left hand)
Scrolls
 f - 2 scrolls of enchant weapon
Potions
 b - a potion of curing {unknown}
 j - a potion of heal wounds
Comestibles
 c - 4 rations
 d - 3 chunks of flesh


   Skills:
 + Level 2.4 Dodging
 - Level 2.4 Stealth
 * Level 3.0 Spellcasting
 + Level 1.2 Conjurations
 * Level 4.5 Fire Magic


You had 4 spell levels left.
You knew the following spells:

 Your Spells              Type           Power        Failure   Level  Hunger
a - Flame Tongue          Conj/Fire      ##...        4%          1    None
b - Throw Flame           Conj/Fire      ##....       7%          2    ##.....

Your spell library contained the following spells:

 Spells                   Type           Power        Failure   Level  Hunger
 Conjure Flame            Conj/Fire      ##......     14%         3    ###....
 Inner Flame              Hex/Fire       ##......     19%         3    ###....
 Sticky Flame             Conj/Fire      ##......     41%         4    ####...
 Fireball                 Conj/Fire      ##........   77%         5    ######.


Dungeon Overview and Level Annotations

Branches:
Dungeon (2/15)

Altars:
Dithmenos
Okawaru


Message History

Aiming: Flame Tongue (safe; 4% risk of failure)
Press: ? - help, Shift-Dir - straight line, f/p - gnoll
Aim: a gnoll, wielding a whip (lightly wounded)
The flame tongue hits the gnoll.
The gnoll is heavily wounded.
The gnoll barely misses you. The gnoll completely misses you.
The gnoll hits you!
Ouch! That really hurt!
* * * LOW HITPOINT WARNING * * *
Casting: Flame Tongue (safe; 4% risk of failure)
Confirm with . or Enter, or press ? or * to list all spells.
Aiming: Flame Tongue (safe; 4% risk of failure)
Press: ? - help, Shift-Dir - straight line, f/p - gnoll
Aim: a gnoll, wielding a whip (heavily wounded)
The flame tongue hits the gnoll.
The gnoll appears unharmed.
The gnoll is heavily wounded.
The gnoll hits you with a whip!
Ouch! That really hurt!
You die...

##...##.#.###..###
#.....#...##.....##
.r._...?..#...##..##
#......##....#
#...##.#....#._...#
......[#.#.r##....#
......##..gg.##..##
......#####g....##
...........@..###.
#####.....###.[....
#..........>###
#####.#....####.#
.........#.## .#
######.#....# #
###......#.##.#
#........#....#
##...........#.#


You could see 3 gnolls and a rat.

Vanquished Creatures
  A dart slug (D:1)
  3 leopard geckos (D:1)
  2 giant cockroaches
  A goblin (D:1)
  4 hobgoblins (D:1)
  A kobold (D:1)
  5 bats (D:1)
  2 frilled lizards
  3 rats (D:1)
22 creatures vanquished.

Notes
Turn   | Place    | Note
-------+----------+-------------------------------------------
     0 | D:1      | Gearfox the Deep Elf Fire Elementalist began the quest for
                  | the Orb.
     0 | D:1      | Reached XP level 1. HP: 10/10 MP: 6/6
   465 | D:1      | Reached XP level 2. HP: 15/15 MP: 4/8
   469 | D:1      | Learned a level 2 spell: Throw Flame
   480 | D:1      | Reached skill level 4 in Fire Magic
  1461 | D:2      | Found a shadowy altar of Dithmenos.
  1487 | D:2      | Found an iron altar of Okawaru.
  1504 | D:2      | Mangled by a gnoll

Skill      XL: |  1  2 |
---------------+-------+-----
Fire Magic     | 4 |  4.5
Dodging        | |  2.4
Stealth        | |  2.4
Spellcasting   | |  3.0
Conjurations   | |  1.2

Action                   || total
-------------------------++-------
Melee: Unarmed           ||     1
 Cast: Flame Tongue      ||    16
       Throw Flame       ||    16
  Use: Scroll            ||     6
  Eat: Chunk             ||     2
Armor: Robe              ||     3
Dodge: Dodged            ||     7
